 Dungeon Crawl Stone Soup version 0.28-a0-769-g550dbda0cd (webtiles) character file.

Game seed: 14179576237456503522

29150 frimble the Grappler (level 13, -2/135 HPs)
             Began as a Troll Warper on Nov 1, 2021.
             Was an Initiate of Cheibriados.
             Killed from afar by a red draconian (17 damage)
             ... with a searing blast
             ... in a volcano.
             The game lasted 00:26:27 (11905 turns).

frimble the Grappler (Troll Warper)                Turns: 11905, Time: 00:26:27

Health: -2/135     AC: 12    Str: 23    XL:     13   Next: 13%
Magic:  11/13      EV:  9    Int: 14    God:    Cheibriados [......]
Gold:   1879       SH:  0    Dex: 10    Spells: 12/14 levels left

rFire   + . .      SeeInvis .     - Unarmed
rCold   + . .      Faith    .   (no shield)
rNeg    . . .      Spirit   .   N - +1 troll leather armour
rPois   +          Reflect  .   (helmet restricted)
rElec   +          Harm     .   n - +0 cloak
rCorr   +          Rampage  .   (gloves unavailable)
Will    .....                   (boots unavailable)
Stlth   +.........              H - amulet of magic regeneration
HPRegen 2.32/turn               K - +4 ring of protection
MPRegen 0.38/turn               L - +4 ring of slaying

@: resistant, on berserk cooldown, on blink cooldown, very slightly
contaminated, slowed, very slow
A: large, unfitting armour, claws 3, regeneration 1, shaggy fur 1, tough skin 1
a: Renounce Religion, Bend Time


You were in a volcano.
You worshipped Cheibriados.
Cheibriados was noncommittal.
You visited 3 branches of the dungeon, and saw 15 of its levels.
You also visited: Sewer, Bailey and Volcano.

You collected 1879 gold pieces.

Inventory:

Missiles
 c - 8 boomerangs of dispersal
 g - 85 poisoned darts
 i - 8 curare-tipped darts
 x - 10 boomerangs (quivered)
Armour
 e - a +2 robe of willpower
 n - a +0 cloak (worn)
 N - a +1 troll leather armour (worn)
Jewellery
 a - a ring of ice
 v - a ring of wizardry
 B - a ring of resist corrosion
 H - an amulet of magic regeneration (around neck)
 K - a +4 ring of protection (left claw)
 L - a +4 ring of slaying (right claw)
Wands
 f - a wand of flame (41)
 h - a wand of mindburst (15)
 C - a wand of polymorph (4)
 D - a wand of digging (3)
 M - a wand of iceblast (12)
Scrolls
 b - 2 scrolls of blinking
 m - 2 scrolls of fear
 q - 2 scrolls of immolation
 s - 3 scrolls of teleportation
 z - a scroll of vulnerability
 I - a scroll of summoning
 J - 4 scrolls of identify
Potions
 d - 2 potions of magic
 k - 7 potions of mutation
 l - 2 potions of attraction
 o - 2 potions of haste
 p - 4 potions of curing
 r - 2 potions of brilliance
 t - 6 potions of ambrosia
 u - a potion of flight
 w - a potion of resistance
 A - 2 potions of might
 F - a potion of lignification


   Skills:
 + Level 10.4 Fighting
 + Level 9.5 Throwing
 - Level 1.9 Dodging
 + Level 12.3 Unarmed Combat
 - Level 1.2 Spellcasting
 - Level 7.0 Translocations
 - Level 5.0 Evocations


You had 12 spell levels left.
You knew the following spells:

 Your Spells              Type           Power      Damage    Failure   Level
a - Blink                 Tloc           40%        N/A       2%          2

Your spell library contained the following spells:

 Spells                   Type           Power      Damage    Failure   Level
 Gell's Gravitas          Tloc           10%        N/A       4%          3
 Lesser Beckoning         Tloc           20%        N/A       4%          3
 Teleport Other           Tloc           20%        N/A       4%          3
 Magic Dart               Conj           0%         1d3       30%         1
 Shock                    Conj/Air       0%         1d3       30%         1
 Ensorcelled Hibernation  Hex/Ice        0%         N/A       41%         2
 Searing Ray              Conj           0%         2d4       41%         2
 Static Discharge         Conj/Air       0%         N/A       41%         2
 Sublimation of Blood     Necr           0%         N/A       41%         2
 Wereblood                Tmut           0%         N/A       41%         2
 Manifold Assault         Tloc           20%        N/A       43%         5
 Iskenderun's Mystic Bla  Conj/Tloc      10%        2d4       56%         4
 Spider Form              Tmut/Pois      0%         N/A       65%         3
 Swiftness                Air            0%         N/A       65%         3
 Tukima's Dance           Hex            0%         N/A       65%         3
 Dispersal                Tloc           10%        N/A       95%         6
 Airstrike                Air            0%         N/A       96%         4
 Fulminant Prism          Conj/Hex       0%         3d6       96%         4
 Lee's Rapid Deconstruct  Erth           0%         3d5*      100%        5
 Lightning Bolt           Conj/Air       0%         1d11      100%        5
 Summon Hydra             Summ           0%         N/A       100%        7
 Maxwell's Capacitive Co  Air            0%         ∞         100%        8


Dungeon Overview and Level Annotations

Branches:
Dungeon (13/15)            Temple (1/1) D:7            Lair (1/6) D:9
    Orc (0/2) D:11          Sewer (visited)          Bailey (visited)
Volcano (1/1)
 Vaults: D:13-14

Altars:
Ashenzari
Cheibriados
Dithmenos
Elyvilon
Hepliaklqana
Kikubaaqudgha
Makhleb
Okawaru
Qazlal
Ru
Trog
Vehumet
Xom
Yredelemnul
Zin
The Shining One
Beogh

Shops:
D:11 !

Annotations:
D:4 1 runed translucent door, Faca's ghost, amateur MfGl
D:10 1 exclusion


Innate Abilities, Weirdness & Mutations

You are too large for most types of armour.
You have claws for hands.
Your natural rate of healing is unusually fast.
You are covered in fur. (AC +1)
You have tough skin. (AC +1)


Message History

The air gets thick with the scent of sulphur.
The red draconian breathes fire at something.
Aiming: Iceblast
Press: ? - help, Shift-Dir - straight line, f - red draconian
Aim: a red draconian, wielding a +2 broad axe of flaming and wearing a +0 cloak The mass of ice explodes!
The iceblast engulfs the red draconian!
The red draconian is lightly wounded.
The red draconian breathes fire at something.
Aiming: Iceblast
Press: ? - help, Shift-Dir - straight line, f/p - red draconian
Aim: a red draconian, wielding a +2 broad axe of flaming and wearing a +0 cloak (lightly wounded)
The mass of ice explodes!
The iceblast engulfs the red draconian!
The red draconian is lightly wounded.
In the distance, the volcano erupts with a roar.
You flicker back into view.
Aiming: Iceblast
Press: ? - help, Shift-Dir - straight line, f/p - red draconian
Aim: a red draconian, wielding a +2 broad axe of flaming and wearing a +0 cloak (lightly wounded)
The mass of ice explodes!
The iceblast engulfs the red draconian!
The red draconian is moderately wounded.
You closely miss the red draconian.
The red draconian is moderately wounded.
The red draconian breathes fire at you. The searing blast hits you! You resist.
* * * LOW HITPOINT WARNING * * *
The red draconian completely misses you.
You mangle the red draconian!!
The red draconian is heavily wounded.
The red draconian hits you with a +2 broad axe of flaming!!
* * * LOW HITPOINT WARNING * * *
The red draconian burns you.
* * * LOW HITPOINT WARNING * * *
Okay, then.
Unknown command.
Casting: Blink (safe; 2% risk of failure)
Confirm with . or Enter, or press ? or * to list all spells.
You blink.
The red draconian breathes fire at you. The searing blast hits you! You resist.
You die...

#≈≈≈≈≈#######≈≈≈ ≈
§§≈###)$$!$###≈≈≈
≈##.#.$.!.#.##≈ #
#..'.).$.+..# ##
#§§§§##..'.._..+..##§≈≈#
≈§§§§#...#.....#...#≈§≈≈
≈≈≈≈≈#...#######...#≈≈≈≈
§≈≈§≈#○..'§d)[))...#≈§≈≈
#≈≈≈≈#.@.#..≈).#)..#≈§≈≈
##≈§≈#...#8≈≈≈8#...#§§≈§
§§ ##..+..≈.)').## ≈≈≈
#..+.....'..# ≈
≈##.#8...8#.##≈
§≈###.....###§§
≈≈≈≈≈.....§§≈≈≈
#≈≈≈≈8...8§≈§≈≈
###≈≈.....≈≈≈≈≈#


You could see a red draconian (catching breath).

Vanquished Creatures
  A hydra (D:12)
  An ogre mage (Volcano)
  9 two-headed ogres
  3 death yaks
  Nergalle (D:11)
  A glowing orange brain (Volcano)
  An orc knight (Bailey)
  A mana viper (Volcano)
  3 ugly things (D:11)
  2 deep elf pyromancers
  A manticore (D:11)
  A cane toad (Lair:1)
  Maggie (D:7)
  A komodo dragon (D:12)
  2 kobold demonologists (Bailey)
  2 unseen horrors (D:12)
  2 trolls
  A queen bee (D:10)
  A meliai zombie (D:11)
  A shadow (D:11)
  2 wyverns
  A water elemental (D:12)
  A wraith (D:12)
  18 yaks
  3 fire bats (Lair:1)
  A vampire (D:11)
  3 vampire mosquitoes (D:10)
  An acid dragon (D:10)
  A hornet zombie (D:7)
  3 necrophages
  A sky beast (D:6)
  14 orc warriors
  2 ogres
  3 centaurs
  A phantom (D:4)
  7 kobold brigands
  5 bullfrogs
  A wyvern skeleton (D:5)
  A water moccasin zombie (D:6)
  2 water moccasin skeletons
  17 killer bees (D:10)
  A howler monkey (D:9)
  8 electric eels
  13 centaur zombies
  8 crimson imps (D:7)
  3 orc priests
  6 hounds
  A jelly (D:5)
  A centaur skeleton (D:7)
  Jessica (D:2)
  4 iguanas
  6 orc wizards
  A killer bee zombie (D:9)
  2 hound zombies (D:5)
  5 howler monkey zombies
  9 gnolls
  3 river rats (Sewer)
  13 adders
  A shadow imp (D:7)
  2 ufetubi (D:6)
  5 worms
  3 dart slugs
  58 orcs
  5 bats
  10 endoplasms
  2 giant cockroaches
  19 goblins
  13 hobgoblins
  4 quokkas
  10 ball pythons
  9 kobolds
  16 rats
366 creatures vanquished.

Vanquished Creatures (collateral kills)
  A vampire mosquito (D:10)
1 creature vanquished.

Vanquished Creatures (others)
  A fungus (Lair:1)
  A plant (Lair:1)
2 creatures vanquished.

Grand Total: 369 creatures vanquished

Notes
Turn   | Place    | Note
-------+----------+-------------------------------------------
     0 | D:1      | frimble the Troll Warper began the quest for the Orb.
     0 | D:1      | Reached XP level 1. HP: 19/19 MP: 1/1
    14 | D:1      | You fall into a shaft and drop 1 floor!
    45 | D:2      | Reached skill level 1 in Throwing
    50 | D:2      | Noticed Jessica
    59 | D:2      | Killed Jessica
    60 | D:2      | Reached XP level 2. HP: 13/28 MP: 2/2
    60 | D:2      | Reached XP level 3. HP: 16/35 MP: 3/3
   620 | D:2      | Reached XP level 4. HP: 42/42 MP: 4/4
   868 | D:1      | Found a faded altar of an unknown god.
  1380 | D:3      | Found a glowing drain.
  1397 | Sewer    | Entered a sewer
  1495 | Sewer    | Reached skill level 3 in Unarmed Combat
  1553 | Sewer    | Noticed a kobold brigand
  1581 | Sewer    | Killed a kobold brigand
  1582 | Sewer    | Reached XP level 5. HP: 50/50 MP: 5/5
  1703 | Sewer    | Reached XP level 6. HP: 59/59 MP: 6/6
  1891 | Sewer    | Reached skill level 4 in Unarmed Combat
  2060 | Sewer    | Reached XP level 7. HP: 67/67 MP: 7/7
  2194 | D:3      | Found a burning altar of Makhleb.
  2321 | D:3      | Found a glowing silver altar of Zin.
  2322 | D:3      | Found an ancient bone altar of Kikubaaqudgha.
  2327 | D:3      | Found a bloodstained altar of Trog.
  2417 | D:3      | Found a broken altar of Ashenzari.
  2848 | D:4      | Found a runed translucent door.
  2852 | D:4      | Noticed Faca's ghost (amateur MfGl)
  2981 | D:4      | Found a white marble altar of Elyvilon.
  3265 | D:5      | Entered Level 5 of the Dungeon
  3323 | D:5      | Reached XP level 8. HP: 73/78 MP: 8/8
  3343 | D:5      | Reached skill level 5 in Unarmed Combat
  3546 | D:6      | Learned a level 2 spell: Blink
  4006 | D:6      | Reached skill level 5 in Throwing
  4248 | D:6      | Reached skill level 6 in Unarmed Combat
  4644 | D:5      | Reached skill level 5 in Fighting
  4745 | D:5      | Reached skill level 5 in Translocations
  4745 | D:5      | Reached XP level 9. HP: 69/88 MP: 9/9
  5144 | D:7      | Noticed Maggie
  5190 | D:7      | Killed Maggie
  5251 | D:7      | Found a staircase to the Ecumenical Temple.
  5373 | D:7      | Found an iron altar of Okawaru.
  5782 | D:8      | Reached skill level 7 in Unarmed Combat
  6224 | D:9      | Noticed a death yak
  6227 | D:9      | Noticed a death yak
  6228 | D:9      | Noticed a two-headed ogre
  6232 | D:9      | Noticed a death yak
  6284 | D:8      | Killed a death yak
  6285 | D:8      | Reached XP level 10. HP: 49/98 MP: 10/10
  6457 | D:8      | Killed a two-headed ogre
  6645 | D:9      | Reached skill level 8 in Unarmed Combat
  6695 | D:9      | Found a radiant altar of Vehumet.
  6697 | D:9      | Found a stormy altar of Qazlal.
  6783 | D:9      | Found a staircase to the Lair.
  6868 | D:9      | Killed a death yak
  6869 | D:9      | Reached skill level 1 in Evocations
  6922 | D:9      | Killed a death yak
  7110 | D:9      | Found a hazy altar of Hepliaklqana.
  7194 | D:9      | Reached XP level 11. HP: 38/109 MP: 11/11
  7438 | D:10     | Entered Level 10 of the Dungeon
  7468 | D:10     | Reached skill level 9 in Unarmed Combat
  7645 | D:10     | Found a shimmering altar of Xom.
  7674 | D:10     | Found a flagged portal.
  7710 | Bailey   | Entered a bailey
  7783 | Bailey   | Found an iron altar of Okawaru.
  7800 | Bailey   | Noticed a soul eater
  8032 | Bailey   | Acquired 1017 gold pieces
  8418 | Bailey   | Noticed an orc knight
  8467 | Bailey   | Killed an orc knight
  9133 | D:10     | Reached skill level 10 in Unarmed Combat
  9501 | D:11     | Noticed a green ugly thing
  9515 | D:11     | Killed a green ugly thing
  9622 | D:11     | Noticed a two-headed ogre
  9628 | D:11     | Killed a two-headed ogre
  9698 | D:11     | Noticed Nergalle
  9720 | D:11     | Noticed a spectral orc warlord
  9723 | D:11     | Killed Nergalle
  9724 | D:11     | Reached skill level 5 in Evocations
  9757 | D:11     | Noticed a red ugly thing
  9829 | D:11     | Killed a red ugly thing
  9830 | D:11     | Reached XP level 12. HP: 72/122 MP: 12/12
 10001 | D:11     | Found a staircase to the Orcish Mines.
 10106 | D:11     | Found Mobrogec's Distillery.
 10119 | D:11     | Noticed a two-headed ogre
 10126 | D:11     | Killed a two-headed ogre
 10328 | D:11     | Reached skill level 11 in Unarmed Combat
 10360 | D:11     | Found a basalt altar of Yredelemnul.
 10589 | D:12     | Noticed a two-headed ogre
 10596 | D:12     | Killed a two-headed ogre
 10882 | D:12     | Noticed an eight-headed hydra
 10892 | D:12     | Killed a nine-headed hydra
 11062 | D:12     | Reached skill level 10 in Fighting
 11416 | D:13     | Noticed a two-headed ogre
 11416 | D:13     | Noticed a centaur warrior
 11426 | D:12     | Killed a two-headed ogre
 11571 | Temple   | Entered the Ecumenical Temple
 11606 | Temple   | Became a worshipper of Cheibriados the Contemplative
 11665 | Lair:1   | Entered Level 1 of the Lair of Beasts
 11761 | Lair:1   | Found a dark tunnel.
 11777 | Lair:1   | Reached skill level 12 in Unarmed Combat
 11790 | Volcano  | Entered a volcano
 11806 | Volcano  | Noticed an ogre mage
 11809 | Volcano  | Paralysed by an ogre mage for 4 turns
 11817 | Volcano  | Killed an ogre mage
 11819 | Volcano  | Found a radiant altar of Vehumet.
 11820 | Volcano  | Noticed a two-headed ogre
 11824 | Volcano  | Killed a two-headed ogre
 11826 | Volcano  | Noticed a two-headed ogre
 11826 | Volcano  | Noticed a two-headed ogre
 11831 | Volcano  | Noticed a red draconian
 11835 | Volcano  | a two-headed ogre changed into a mana viper
 11841 | Volcano  | Reached XP level 13. HP: 113/133 MP: 2/13
 11905 | Volcano  | Killed from afar by a red draconian

Illustrated notes

Levels and vault maps discovered:
D:1:      amcnicky_arrival_gap_in_the_tavern_cellar, layout_rooms,
          ebering_ecumenical_altar_box
D:2:      layout_loops_ring, minmay_statues_item, uniq_jessica
D:3:      layout_loops_ring, general_overflow_altar,
          nicolae_overflow_hidden_temple, cheibrodos_sewer_entry_drain,
          minmay_misc_feat_alley, minmay_pentangle
D:4:      layout_basic, nicolae_elyvilon_peaceful_grove, ebering_ghost_sewer_d
D:5:      layout_rooms
D:6:      layout_basic, amcnicky_mini_corridor_feature
D:7:      layout_loops_cross, marbit_many_paths,
          minmay_temple_entry_stoned_glass, minmay_nine_imps, uniq_maggie
D:8:      layout_rooms
D:9:      layout_roguey, overflow_temple_1_default,
          chequers_temple_overflow_statue_of_worship, dpeg_lair_monsters,
          st_stairs_5
D:10:     layout_roguey [special_room_orc], mainiacjoe_overflow_alcove_1,
          enter_bailey_5, minivault_7
D:11:     layout_grid_maze, orc_0_dummy, serial_shops, nicolae_square_shop,
          nicolae_yredelemnul_corpse_copse, uniq_nergalle
D:12:     layout_basic
D:13:     layout_big_octagon, lightli_vaults_fourway_checkpoint, minivault_14,
          hangedman_decor_peaks_small, nicolae_shop_clearance
Temple:   compressed_dpeg_circular_temple
Lair:1:   dragon1_lemuel, layout_layer_cave, lightli_volcano_entry_magma_tube,
          portal_ice_cave_entry_imps, infiniplex_staircase_pool,
          serial_bayou_shore_b
Volcano:  kennysheep_volcano_temple

Skill      XL: |  1  2  3  4  5  6  7  8  9 10 11 12 |
---------------+-------------------------------------+-----
Throwing       | 1 2 3 4 5 6 7 9 |  9.5
Fighting       | 2 3 4 5 6 7 8 10 | 10.4
Unarmed Combat | 3 4 6 7 8 10 12 | 12.3
Translocations | 3 4 5 6 7 |  7.0
Evocations     | 2 5 |  5.0
Dodging        | |  1.9
Spellcasting   | |  1.2

Action                   |  1- 3 |  4- 6 |  7- 9 | 10-12 | 13-15 || total
-------------------------+-------+-------+-------+-------+-------++-------
Melee: Unarmed           |    63 |   106 |   490 |   595 |    12 ||  1266
       Punch             |       |     1 |    12 |    24 |       ||    37
Throw: Dart              |       |    32 |    26 |   109 |       ||   167
       Boomerang         |       |       |       |    83 |     6 ||    89
 Cast: Blink             |       |       |     2 |    17 |     3 ||    22
Evoke: Wand              |       |     2 |       |    13 |     5 ||    20
  Use: Scroll            |     1 |     5 |    12 |    11 |       ||    29
       Potion            |       |       |     1 |     1 |     4 ||     6
Armor: Robe              |    27 |    51 |   211 |   254 |       ||   543
       Troll leather arm |       |       |       |    28 |       ||    28
Dodge: Dodged            |    22 |    41 |   255 |   295 |     6 ||   619

Table legend: (Time is in decaauts)
 A = Elapsed time spent in this place.
 B = Non-inter-level travel time spent in this place.
 C = Inter-level travel time spent in this place.
 D = Time resting spent in this place.
 E = Time spent auto-exploring this place.
 F = Levels seen in this place.
 G = Mean time per level.
                   A        B        C        D        E       F      G
               +--------+--------+--------+--------+--------+-----+--------+
         Total |  12021 |  11484 |    537 |     17 |   8072 |  18 |  667.8 |
       Dungeon |   9763 |   9249 |    514 |     17 |   6837 |  13 |  751.0 |
        Temple |     46 |     24 |     22 |      0 |     19 |   1 |   46.0 |
          Lair |    148 |    148 |      0 |      0 |     95 |   1 |  148.0 |
         Sewer |    910 |    910 |      0 |      0 |    613 |   1 |  910.0 |
        Bailey |   1027 |   1027 |      0 |      0 |    507 |   1 | 1027.0 |
       Volcano |    124 |    124 |      0 |      0 |      0 |   1 |  124.0 |
               +--------+--------+--------+--------+--------+-----+--------+

Top non-repeatable levels by time:
    D:11: 1083 daAuts
  Bailey: 1027 daAuts
     D:7: 1011 daAuts
    D:10: 992 daAuts
    D:12: 935 daAuts
     D:9: 915 daAuts
   Sewer: 910 daAuts
     D:6: 861 daAuts
     D:3: 805 daAuts
     D:8: 769 daAuts
     D:2: 692 daAuts
     D:5: 659 daAuts
     D:4: 549 daAuts
     D:1: 481 daAuts
  Lair:1: 148 daAuts
